 Dungeon Crawl Stone Soup version 0.18.1-48-g4cf74bf (webtiles) character file.

339 Joat the Skirmisher (level 6, -2/48 HPs)
             Began as a Demonspawn Fighter on Aug 6, 2016.
             Slain by a gnoll
             ... wielding a +0 halberd of flaming
              (9 damage)
             ... on level 4 of the Dungeon.
             The game lasted 00:11:39 (2807 turns).

Joat the Skirmisher (Demonspawn Fighter)            Turns: 2807, Time: 00:11:39

Health: -2/48      AC: 16    Str: 16    XL:     6   Next: 29%
Magic:  6/6        EV:  1    Int: 14    God:
Gold:   101        SH:  0    Dex: 12    Spells: 0 memorised, 5 levels left

rFire  + . .     SeeInvis .     q - +1 hand axe (chop)
rCold  . . .     Gourm    .     v - +0 chain mail
rNeg   . . .     Faith    .     (no shield)
rPois  .         Spirit   .     (no helmet)
rElec  .         Dismiss  .     (no cloak)
rCorr  .         Reflect  .     (no gloves)
SustAt .         Harm     .     e - +0 pair of boots
MR     .....                    (no amulet)
Stlth  ..........               (no ring)
                                w - +2 ring of intelligence

@: not resistant to hostile enchantments, extremely unstealthy
A: claws 1, iridescent scales 2, fire resistance 1
a: no special abilities


You were on level 4 of the Dungeon.
You were not hungry.

You visited 1 branch of the dungeon, and saw 4 of its levels.

You collected 101 gold pieces.

Inventory:

Hand Weapons
 q - a +1 hand axe of chopping (weapon)
Armour
 b - a +0 scale mail
 c - a +1 shield
 e - a +0 pair of boots (worn)
 v - a +0 chain mail (worn)
Jewellery
 w - a +2 ring of intelligence (left claw)
Wands
 g - a wand of flame (37/48)
 t - a wand of flame (48/48)
 u - a wand of flame (24/48)
Scrolls
 j - a scroll of fog {unknown}
 l - 3 scrolls of amnesia
 n - 3 scrolls of identify {unknown}
 o - a scroll of fear {unknown}
 p - 3 scrolls of random uselessness {unknown}
 r - 2 scrolls of enchant armour
Potions
 d - 2 potions of might
 h - 2 potions of resistance {unknown}
 i - a potion of degeneration {unknown}
 m - a potion of haste {unknown}
 s - 2 potions of curing {unknown}
Comestibles
 a - 4 meat rations
 f - 3 bread rations
 k - 2 fruits
 x - 3 chunks of flesh


   Skills:
 + Level 4.2 Fighting
 * Level 3.9 Axes
 + Level 3.7 Armour
 - Level 3.8 Shields


You had 5 spell levels left.
You didn't know any spells.

Dungeon Overview and Level Annotations

Branches:
Dungeon (4/15)
 Temple: D:4-7

Altars:
Dithmenos
Xom

Annotations:
D:4 Galewind's ghost, novice DECj


Innate Abilities, Weirdness & Mutations

You have sharp fingernails.
You are mostly covered in iridescent scales (AC +6).
Your flesh is heat resistant.


Message History

* * * LOW HITPOINT WARNING * * *
The gnoll hits you from afar with a spear.
* * * LOW HITPOINT WARNING * * *
Galewind's ghost (novice Deep Elf Conjurer) comes into view.
Galewind's ghost turns its malevolent gaze towards you.
Galewind's ghost ripples.
Galewind's ghost gestures wildly while chanting.
Galewind's ghost conjures a globe of magical energy!
A battlesphere comes into view.
Galewind's ghost gestures at you while chanting.
The magic dart hits you!
The battlesphere fires!
The barrage of energy hits you!
* * * LOW HITPOINT WARNING * * *
There is a stone staircase leading up here.
Galewind's ghost casts a spell at you. The magic dart hits you!
The battlesphere fires!
The barrage of energy hits you!
* * * LOW HITPOINT WARNING * * *
The gnoll hits you from afar with a halberd of flaming!
You die...

.# #..# #...........# #.# #.#
)#####g.# ##...######## #.# #..
.?g....## #...# ######.# ###
###.#.## #...# #......# #.
#.#.# ######..g#####.####.# #.
#.#.###..........>...###..####.
#........._*.Wg........<#......
#.#####..............#.###...#.
#.# ####.#..@#.###..## ##..#.
#.# #.#...#.# #.## ##.#. #.
#.#...#.# ##.## ##..## #.
#.#...#.# ##.###.#.# ##
#.......# ##.#....# [.......#
##.###### .>###..## #.......
#.. #..# #####.#. #.#)


You could see a battlesphere, Galewind's ghost and 2 gnolls.

Vanquished Creatures
  Sigmund (D:3)
  A giant frog skeleton (D:4)
  A centaur skeleton (D:4)
  A worker ant (D:4)
  2 gnolls (D:4)
  2 adders
  An ooze (D:2)
  2 worms (D:4)
  A dart slug (D:1)
  5 giant geckos
  3 orcs (D:4)
  7 bats
  2 giant cockroaches
  4 goblins
  8 hobgoblins
  4 kobolds
  2 quokkas (D:2)
  2 giant newts (D:1)
  A jackal skeleton (D:4)
  5 rats
55 creatures vanquished.

Notes
Turn   | Place    | Note
--------------------------------------------------------------
     0 | D:1      | Joat the Demonspawn Fighter began the quest for the Orb.
     0 | D:1      | Reached XP level 1. HP: 18/18 MP: 1/1
   120 | D:1      | Gained mutation: You are partially covered in iridescent scales (AC +4). [demonic ancestry]
   120 | D:1      | Reached XP level 2. HP: 15/24 MP: 2/2
   536 | D:1      | Gained mutation: Your flesh is heat resistant. [demonic ancestry]
   536 | D:1      | Reached XP level 3. HP: 29/29 MP: 3/3
  1269 | D:2      | Found a shadowy altar of Dithmenos.
  1873 | D:3      | Noticed Sigmund
  1902 | D:3      | Killed Sigmund
  1902 | D:3      | Gained mutation: You are mostly covered in iridescent scales (AC +6). [demonic ancestry]
  1902 | D:3      | Reached XP level 4. HP: 13/37 MP: 4/4
  1902 | D:3      | Reached XP level 5. HP: 15/42 MP: 5/5
  2394 | D:4      | Reached skill level 4 in Fighting
  2431 | D:4      | Gained mutation: You have sharp fingernails. [demonic ancestry]
  2431 | D:4      | Reached XP level 6. HP: 28/48 MP: 6/6
  2740 | D:4      | Found a shimmering altar of Xom.
  2794 | D:4      | Noticed Galewind's ghost (novice DECj)
  2807 | D:4      | Slain by a gnoll

Skill      XL: |  1  2  3  4  5 |
---------------+----------------+-----
Shields        | 3 |  3.8
Axes           | 3 |  3.9
Armour         | 3 |  3.7
Fighting       | 4 |  4.2

Action                   |  1- 3 |  4- 6 || total
-------------------------+-------+-------++-------
Melee: War axe           |    60 |       ||    60
       Hand axe          |    61 |    63 ||   124
Evoke: Wand              |     5 |       ||     5
  Use: Scroll            |       |     5 ||     5
  Eat: Chunk             |     3 |     2 ||     5
       Pizza             |       |     1 ||     1
Armor: Scale mail        |    54 |       ||    54
       Chain mail        |    10 |    54 ||    64
Dodge: Dodged            |    45 |    25 ||    70
Block: Shield            |    29 |       ||    29
